 Dungeon Crawl Stone Soup version 0.27-a0-802-gbe893936b8 (webtiles) character file.

Game seed: 12114383087026477455

0 Gargoyl the Skirmisher (level 1, -1/23 HPs)
             Began as a Gnoll Abyssal Knight on Mar 28, 2021.
             Was an Initiate of Lugonu.
             Slain by a kobold
             ... wielding a +0 club
              (3 damage)
             ... on level 1 of the Dungeon.
             The game lasted 00:00:25 (171 turns).

Gargoyl the Skirmisher (Gnoll Abyssal Knight)        Turns: 171, Time: 00:00:26

Health: -1/23      AC:  3    Str: 11    XL:     1   Next: 10%
Magic:  3/3        EV: 11    Int: 11    God:    Lugonu [......]
Gold:   103        SH:  0    Dex: 11    Spells: 0/0 levels left

rFire    . . .     SeeInvis .   a - +1 hand axe
rCold    . . .     Faith    .   (no shield)
rNeg     . . .     Spirit   .   b - +0 leather armour
rPois    .         Reflect  .   (no helmet)
rElec    .         Harm     .   (no cloak)
rCorr    .         Rampage  .   (no gloves)
Will     .....                  (no boots)
Stlth    +.........             (no amulet)
HPRegen  0.07/turn              (no ring)
MPRegen  0.08/turn              (no ring)

@: no status effects
A: fangs 1, strong nose, distributed training
a: Renounce Religion


You were on level 1 of the Dungeon.
You worshipped Lugonu.
Lugonu was noncommittal.
You visited 1 branch of the dungeon, and saw 1 of its levels.
You visited the Abyss 1 time.

You collected 103 gold pieces.

Inventory:

Hand Weapons
 a - a +1 hand axe (weapon)
Armour
 b - a +0 leather armour (worn)


   Skills:
 + Level 6.4 Fighting
 + Level 0.0 Short Blades
 + Level 0.0 Long Blades
 + Level 4.4 Axes
 + Level 0.0 Maces & Flails
 + Level 0.0 Polearms
 + Level 0.0 Staves
 + Level 0.0 Slings
 + Level 0.0 Bows
 + Level 0.0 Crossbows
 + Level 0.0 Throwing
 + Level 4.4 Armour
 + Level 2.3 Dodging
 + Level 0.0 Stealth
 + Level 0.0 Shields
 + Level 0.0 Unarmed Combat
 + Level 0.0 Spellcasting
 + Level 0.0 Conjurations
 + Level 0.0 Hexes
 + Level 0.0 Summonings
 + Level 0.0 Necromancy
 + Level 0.0 Translocations
 + Level 0.0 Transmutations
 + Level 0.0 Fire Magic
 + Level 0.0 Ice Magic
 + Level 0.0 Air Magic
 + Level 0.0 Earth Magic
 + Level 0.0 Poison Magic
 + Level 4.4 Invocations
 + Level 0.0 Evocations


You couldn't memorise any spells.
You didn't know any spells.
Your spell library was empty.

Dungeon Overview and Level Annotations

Branches:
Dungeon (1/15)

Altars:


Innate Abilities, Weirdness & Mutations

You have very sharp teeth.
Your uncanny sense of smell can sniff out nearby items.
Your experience applies equally to all skills.


Message History

Unknown command.
You miss the goblin. You bite the goblin, but do no damage.
You barely miss the quokka. The quokka bites you.
The goblin hits you with a +0 club.
An endoplasm comes into view.
Unknown command.
You barely miss the goblin.
The endoplasm quivers.
You hit the quokka. The quokka barely misses you.
The goblin hits you with a +0 club. The quokka closely misses you.
You closely miss the goblin. Your bite misses the goblin. You hit the quokka.
The goblin hits you with a +0 club. The quokka barely misses you.
Unknown command.
You hit the goblin.
The goblin is severely wounded.
You miss the quokka.
You hit the ball python but do no damage.
You hit the kobold. The quokka misses you. The goblin barely misses you.
The kobold hits you but does no damage. The ball python misses you.
The ball python grabs you. The ball python constricts you.
You slash the goblin!
You kill the goblin!
Lugonu accepts your kill.
You closely miss the kobold. You hit the ball python.
You barely miss the quokka. The quokka bites you.
The ball python barely misses you.
* * * LOW HITPOINT WARNING * * *
The ball python constricts you. The kobold hits you with a +0 club.
* * * LOW HITPOINT WARNING * * *
You escape the ball python's grasp.
The quokka bites you.
* * * LOW HITPOINT WARNING * * *
The quokka bites you.
* * * LOW HITPOINT WARNING * * *
You closely miss the kobold. Your bite misses the kobold.
The kobold is heavily wounded.
The kobold closely misses you.
You closely miss the kobold. You bite the kobold, but do no damage.
The kobold is heavily wounded.
The kobold hits you with a +0 club.
You die...

####..... #
.......##.#
###.......#.
...........##########
...(......
+....♣P#P## #....J.
#≈≈≈..♣P#.♣ #..)#
##≈8....<♣#
#...####≈≈≈..♣P#(♣
#..JrK@'....♣P#P##
#...#############
#....... ∆ ##.#####
## ∆ ∆


You could see an endoplasm, a quokka and a kobold.

Vanquished Creatures
  A goblin (D:1)
1 creature vanquished.

Notes
Turn   | Place    | Note
-------+----------+-------------------------------------------
     0 | Abyss:1  | Gargoyl the Gnoll Abyssal Knight began the quest for the
                  | Orb.
     0 | Abyss:1  | Reached XP level 1. HP: 23/23 MP: 3/3
    70 | Abyss:2  | Found a corrupted altar of Lugonu.
   131 | D:1      | Escaped the Abyss
   167 | D:1      | HP: 1/23 [quokka (1)]
   171 | D:1      | Slain by a kobold

Illustrated notes

Levels and vault maps discovered:
D:1:      tarquinn_simple_flora_water_d, layout_loops_ring

Action                   || total
-------------------------++-------
Melee: Hand axe          ||     8
       Bite              ||     2
Invok: Depart the Abyss  ||     1
Armor: Leather armour    ||     1
Dodge: Dodged            ||     9

Table legend: (Time is in decaauts)
 A = Elapsed time spent in this place.
 B = Non-inter-level travel time spent in this place.
 C = Inter-level travel time spent in this place.
 D = Time resting spent in this place.
 E = Time spent auto-exploring this place.
 F = Levels seen in this place.
 G = Mean time per level.
                   A        B        C        D        E       F      G
               +--------+--------+--------+--------+--------+-----+--------+
         Total |    170 |    170 |      0 |      0 |    129 |   4 |   42.5 |
       Dungeon |     40 |     40 |      0 |      0 |     26 |   1 |   40.0 |
         Abyss |    130 |    130 |      0 |      0 |    103 |   3 |   43.3 |
               +--------+--------+--------+--------+--------+-----+--------+

Top non-repeatable levels by time:
 Abyss:1: 70 daAuts
     D:1: 40 daAuts
 Abyss:3: 35 daAuts
 Abyss:2: 24 daAuts
